 Dungeon Crawl Stone Soup version 0.24.0-37-gcf1ca852f1 (webtiles) character file.

Game seed: 8370804001533035376, levelgen mode: deterministic

4319 gre3edy the Transmogrifier (level 10, 65/70 HPs)
             Began as a Formicid Transmuter on Nov 24, 2019.
             Quit the game on level 8 of the Dungeon.
             The game lasted 00:43:52 (10435 turns).

gre3edy the Transmogrifier (Formicid Transmuter)   Turns: 10435, Time: 00:43:53

Health: 65/70      AC:  4    Str: 15    XL:     10   Next: 58%
Magic:  16/16      EV: 18    Int: 13    God:
Gold:   414        SH:  8    Dex: 14    Spells: 6/17 levels left

rFire    + . .     SeeInvis +     - Unarmed
rCold    + + .     Gourm    .   I - +0 buckler
rNeg     . . .     Faith    .   l - +2 robe {rC+}
rPois    +         Spirit   .   (helmet unavailable)
rElec    .         Reflect  +   t - scarf {rC+ rF+}
rCorr    .         Harm     .   (no gloves)
MR       +....                  (no boots)
Stlth    +.........             v - +3 amulet of reflection
HPRegen  0.21/turn              E - +4 ring of evasion
MPRegen  0.15/turn              C - ring of poison resistance

@: lightly drained
A: permanent stasis, dig shafts and tunnels, four strong arms, antennae 3
a: Dig, Shaft Self


You were on level 8 of the Dungeon.
You were hungry.

You visited 2 branches of the dungeon, and saw 10 of its levels.
You also visited: Ossuary.

You collected 414 gold pieces.

Inventory:

Missiles
 a - 108 arrows
Armour
 i - a +0 shield of fire resistance
 j - a +0 leather armour
 l - a +2 robe of cold resistance (worn)
 n - a +0 scale mail
 t - a scarf of resistance (worn)
 I - a +0 buckler (worn)
Jewellery
 h - a +5 ring of strength
 v - a +3 amulet of reflection (around neck)
 z - an uncursed ring of see invisible
 C - a ring of poison resistance (right hand)
 E - a +4 ring of evasion (left hand)
 H - an uncursed ring of fire
Wands
 k - a wand of flame (9)
 p - a wand of enslavement (5)
 q - a wand of random effects (9)
 y - a wand of disintegration (28)
 F - a wand of scattershot (4)
 G - a wand of digging (6)
 M - a wand of iceblast (13)
Scrolls
 b - 3 scrolls of enchant weapon
 f - 2 scrolls of identify
 g - 2 scrolls of enchant armour
 o - a scroll of silence {unknown}
 r - 4 scrolls of fear
 w - 5 scrolls of remove curse
Potions
 c - 6 potions of curing
 e - 3 potions of agility
 m - 2 potions of lignification
 s - a potion of brilliance
 u - a potion of resistance {unknown}
 x - a potion of mutation {unknown}
 A - a potion of might {unknown}
 B - a potion of magic {unknown}
 D - a potion of ambrosia
 J - a potion of heal wounds {unknown}
 K - a potion of berserk rage {unknown}
 L - a potion of invisibility {unknown}
Comestibles
 d - 13 rations


   Skills:
 - Level 3.2 Fighting
 - Level 4.5(4.4) Dodging
 + Level 4.3 Shields
 * Level 9.3 Unarmed Combat
 + Level 4.2(4.1) Spellcasting
 - Level 10.1 Transmutations


You had 6 spell levels left.
You knew the following spells:

 Your Spells              Type           Power        Failure   Level  Hunger
a - Beastly Appendage     Tmut           ####..       1%          1    None
b - Sticks to Snakes      Tmut           ####....     1%          2    ##.....
c - Blade Hands           Tmut           ####......   9%          5    ######.
d - Spider Form           Tmut/Pois      ###.......   8%          3    ###....

Your spell library contained the following spells:

 Spells                   Type           Power        Failure   Level  Hunger
 Confusing Touch          Hex            #.....       21%         1    None
 Magic Dart               Conj           #...         21%         1    None
 Ice Form                 Ice/Tmut       ###.....     26%         4    ####...
 Petrify                  Tmut/Erth      ###.....     26%         4    ####...
 Searing Ray              Conj           #.....       30%         2    ##.....
 Confuse                  Hex            #.......     52%         3    ###....
 Dazzling Spray           Conj/Hex       #.....       52%         3    ###....
 Gell's Gravitas          Tloc           #.........   52%         3    ###....
 Yara's Violent Unravell  Hex/Tmut       ###.......   56%         5    ######.
 Force Lance              Conj/Tloc      #.......     90%         4    ####...
 Fulminant Prism          Conj/Hex       #.........   90%         4    ####...
 Iskenderun's Mystic Bla  Conj           #.......     90%         4    ####...
 Metabolic Englaciation   Hex/Ice        #.........   99%         5    ######.


Dungeon Overview and Level Annotations

Branches:
Dungeon (9/15)             Temple (1/1) D:6         Ossuary (visited)
   Lair: D:8-11         Orc: D:9-12

Altars:
Ashenzari
Cheibriados
Dithmenos
Elyvilon
Fedhas
Gozag
Hepliaklqana
Kikubaaqudgha
Makhleb
Nemelex Xobeh
Okawaru
Qazlal
Ru
Sif Muna
Trog
Uskayaw
Vehumet
Wu Jian
Xom
Yredelemnul
Zin
The Shining One

Annotations:
D:5 exclusion: 2 gnolls


Innate Abilities, Weirdness & Mutations

You cannot be hasted, slowed, berserked, paralysed or teleported.
You can dig through walls and to a lower floor.
Your four strong arms can wield two-handed weapons with a shield.
You have a pair of large antennae on your head. (SInv)


Message History

You destroy the wight!
A crocodile comes into view.
You are struck by the porcupine's spines.
* * * LOW HITPOINT WARNING * * *
You slice the porcupine!!
You kill the porcupine!
Your hands revert to their normal proportions.
Your +0 buckler unmelds from your body.
There is an open door here.
There is a stone staircase leading up here.
You climb upwards.
There is a stone staircase leading down here.
You start resting.
Magic restored.
You start resting.
You are feeling hungry.
Okay, then.
You can't go up here!
There are no items here.
Are you sure you want to abandon this character and quit the game? (Confirm with "yes".)

#.#############
#.............#
#.###########.#
#.###<#######.##
#.#............#
#.#.#.#######..#
#.#.......#.#..#
#######.#....##.#.#..#
....).......[...@.#..#
..................#..#
#######.#......)[[#..#
#.#.#######.#..# #.#.#
#.#(.# #.#.# #.#..###
#######.#.# #.#....#
......#.#.# #.##.#.#
......#.#.# #....#.#


There were no monsters in sight!

Vanquished Creatures
  Sigmund (D:5)
  A yak (D:7)
  A wyvern (D:9)
  3 hogs (D:7)
  A human (D:7)
  3 porcupines (D:9)
  A sky beast (D:5)
  An ice beast (D:7)
  2 orc warriors
  2 ogres (D:7)
  2 centaurs
  3 crocodiles
  Blork the orc (D:5)
  3 bullfrogs
  A gnoll sergeant (D:8)
  A scorpion (D:5)
  10 wights
  2 howler monkeys (D:9)
  3 crimson imps
  A bullfrog zombie (Ossuary)
  5 orc wizards
  2 orc priests
  2 hounds
  2 jellies
  An iguana (D:5)
  3 worker ants
  A killer bee zombie (Ossuary)
  5 hound zombies
  A hound skeleton (D:8)
  13 mummies (Ossuary)
  A howler monkey zombie (Ossuary)
  3 worker ant zombies (Ossuary)
  3 gnolls (D:8)
  6 adders
  An ooze (D:1)
  An adder skeleton (D:6)
  5 adder zombies
  2 worms (D:2)
  A dart slug (D:1)
  4 leopard geckos
  24 orcs
  2 ball pythons
  8 bats
  7 giant cockroaches
  11 goblins
  9 hobgoblins
  7 jackals (D:7)
  6 quokkas
  6 frilled lizards
  A jackal skeleton (D:8)
  8 kobolds
  A leopard gecko skeleton (D:7)
  A leopard gecko zombie (Ossuary)
  A quokka skeleton (D:6)
  3 quokka zombies
  6 rats
206 creatures vanquished.

Vanquished Creatures (collateral kills)
  A hornet (D:7)
  A hound zombie (Ossuary)
  A mummy (Ossuary)
  A howler monkey zombie (Ossuary)
  An orc (D:8)
5 creatures vanquished.

Vanquished Creatures (others)
  An orc (D:8)
  A quokka (D:8)
  19 fungi (D:9)
  7 plants (D:9)
  A withered plant (Ossuary)
29 creatures vanquished.

Grand Total: 240 creatures vanquished

Notes
Turn   | Place    | Note
-------+----------+-------------------------------------------
     0 | D:1      | gre3edy the Formicid Transmuter began the quest for the
                  | Orb.
     0 | D:1      | Reached XP level 1. HP: 15/15 MP: 3/3
   110 | D:1      | Reached XP level 2. HP: 6/21 MP: 5/5
   395 | D:1      | Learned a level 2 spell: Sticks to Snakes
   519 | D:1      | Reached XP level 3. HP: 16/26 MP: 6/6
  1767 | D:2      | Reached XP level 4. HP: 32/32 MP: 7/7
  2012 | D:2      | Found a burning altar of Makhleb.
  2012 | D:2      | Noticed an Executioner
  2016 | D:2      | Noticed a neqoxec
  2016 | D:2      | Noticed a smoke demon
  2162 | D:2      | Found a blossoming altar of Fedhas.
  2314 | D:2      | Reached skill level 5 in Unarmed Combat
  2318 | D:2      | Reached XP level 5. HP: 27/37 MP: 6/8
  2749 | D:3      | Found a stormy altar of Qazlal.
  2962 | D:3      | Reached skill level 3 in Transmutations
  3582 | D:4      | Reached XP level 6. HP: 40/43 MP: 7/9
  3956 | D:5      | Entered Level 5 of the Dungeon
  4004 | D:5      | Reached skill level 4 in Transmutations
  4295 | D:5      | Noticed Sigmund
  4311 | D:5      | Killed Sigmund
  4311 | D:5      | Reached skill level 6 in Transmutations
  4311 | D:5      | Reached XP level 7. HP: 35/48 MP: 8/10
  4556 | D:5      | Noticed Blork the orc
  4564 | D:5      | Killed Blork the orc
  4630 | D:5      | Reached skill level 7 in Transmutations
  4806 | D:5      | Learned a level 5 spell: Blade Hands
  5292 | D:6      | Reached XP level 8. HP: 22/54 MP: 5/11
  5493 | D:6      | Found a staircase to the Ecumenical Temple.
  5503 | Temple   | Entered the Ecumenical Temple
  6209 | D:6      | Reached skill level 8 in Transmutations
  6744 | D:6      | Learned a level 3 spell: Spider Form
  7289 | D:7      | Found a sand-covered staircase.
  7295 | Ossuary  | Entered an ossuary
  7346 | Ossuary  | Reached XP level 9. HP: 53/62 MP: 9/12
  7864 | Ossuary  | Reached skill level 9 in Transmutations
  8190 | D:7      | Noticed a hornet
  8203 | D:7      | Killed a hornet
  8569 | D:7      | Reached XP level 10. HP: 26/69 MP: 5/14
  8954 | D:8      | Found a white marble altar of Elyvilon.
  9013 | D:8      | Reached skill level 10 in Transmutations
  9403 | D:8      | Found a snail-covered altar of Cheibriados.
  9450 | D:8      | Found a shadowy altar of Dithmenos.
  9461 | D:8      | Found an ornate altar of the Wu Jian Council.
 10435 | D:8      | Quit the game

Levels and vault maps discovered:
D:1:      mrwooster_arrival_arrow, layout_basic
D:2:      layout_loops_ring, fedhas_altar_4, grunt_decor_clamped,
          makhleb_altar_promises_db
D:3:      layout_rooms, old_standard_altar, serial_bayou, serial_bayou_ford_a,
          serial_bayou_crossing, serial_bayou_lake_a, serial_bayou_pond_e,
          serial_bayou_lagoon_b
D:4:      layout_rooms, first_ration
D:5:      layout_loops_ring, uniq_sigmund, uniq_blork_the_orc
D:6:      layout_cave_pods, minmay_temple_entry_glass,
          hangedman_decor_diamond_cutter, kennysheep_doodads
D:7:      layout_rooms, enter_ossuary_1, grunt_livestock
D:8:      layout_basic, elyvilon_altar_4, kennysheep_mini,
          grunt_temple_overflow_open, minmay_misc_feat_encased
D:9:      layout_roguey, due_lair_maze_entry_diamond, uniq_harold
Temple:   regret_index_temple_sphere_string

Skill      XL: |  1  2  3  4  5  6  7  8  9 10 |
---------------+-------------------------------+-----
Unarmed Combat | 4 5 7 8 9 |  9.3
Transmutations | 3 6 7 8 9 10 | 10.1
Dodging        | 2 4 |  4.5
Fighting       | 2 3 |  3.2
Shields        | 2 4 |  4.3
Spellcasting   | 4 |  4.2

Action                   |  1- 3 |  4- 6 |  7- 9 | 10-12 || total
-------------------------+-------+-------+-------+-------++-------
Melee: Unarmed           |   107 |   165 |   375 |   176 ||   823
       Punch             |     3 |     2 |    12 |     1 ||    18
       Kick              |     1 |    12 |    79 |    19 ||   111
Throw: Throwing net      |       |     1 |       |       ||     1
 Cast: Beastly Appendage |     3 |    11 |    27 |     6 ||    47
       Sticks to Snakes  |       |       |    26 |     3 ||    29
       Spider Form       |       |       |     1 |       ||     1
       Blade Hands       |       |       |     1 |     3 ||     4
 Abil: Dig               |       |       |     4 |     1 ||     5
Evoke: Wand              |       |     1 |     3 |       ||     4
  Use: Scroll            |       |     7 |     7 |     3 ||    17
       Potion            |       |       |     2 |       ||     2
 Stab: Sleeping          |       |     1 |       |       ||     1
       Distracted        |       |       |     3 |       ||     3
  Eat: Chunk             |     1 |     6 |     3 |     2 ||    12
       Ration            |       |     1 |     4 |     2 ||     7
Armor: Robe              |    20 |     1 |    66 |     8 ||    95
       Leather armour    |       |     3 |       |       ||     3
       Scale mail        |       |    28 |       |       ||    28
       Skin              |       |       |     1 |       ||     1
Dodge: Dodged            |    59 |    82 |   190 |    66 ||   397
Block: Other             |       |       |    26 |     4 ||    30
       Buckler           |       |       |     3 |    26 ||    29
       Shield            |       |       |       |    13 ||    13
